 Dungeon Crawl Stone Soup version 0.21-a0-67-g3f13d09 (webtiles) character file.

57 wazuzu the Cutter (level 3, 19/19 HPs)
             Began as a Spriggan Abyssal Knight on June 17, 2017.
             Was a Follower of Lugonu.
             Quit the game on level 2 of the Dungeon.
             The game lasted 00:03:28 (634 turns).

wazuzu the Cutter (Spriggan Abyssal Knight)          Turns: 634, Time: 00:03:28

Health: 19/19      AC:  3    Str:  8    XL:     3   Next: 73%
Magic:  5/5        EV: 19    Int: 13    God:    Lugonu [*.....]
Gold:   12         SH:  0    Dex: 16    Spells: 2/2 levels left

rFire    . . .     SeeInvis +   a - +1 short sword
rCold    . . .     Gourm    .   (shield restricted)
rNeg     . . .     Faith    .   b - +1 robe
rPois    .         Spirit   .   (helmet restricted)
rElec    .         Reflect  .   (no cloak)
rCorr    .         Harm     .   (gloves unavailable)
MR       .....                  (boots unavailable)
Stlth    +.........             e - amulet of regeneration
HPRegen  0.46/turn              (no ring)
MPRegen  0.09/turn              (no ring)

@: very quick
A: unfitting armour, see invisible, herbivore 3, speed 3, slow metabolism 2
a: Depart the Abyss, Renounce Religion


You were on level 2 of the Dungeon.
You worshipped Lugonu.
Lugonu was aware of your devotion.
You were not hungry.

You visited 1 branch of the dungeon, and saw 2 of its levels.
You visited the Abyss 1 time.

You collected 12 gold pieces.

Inventory:

Hand Weapons
 a - a +1 short sword (weapon)
Armour
 b - a +1 robe (worn)
Jewellery
 e - an amulet of regeneration (around neck)
Wands
 h - a wand of digging (11/24)
Scrolls
 d - a scroll of immolation {unknown}
 f - 2 scrolls of teleportation
 g - 2 scrolls of remove curse
Potions
 i - a potion of heal wounds
 l - 2 potions of berserk rage {unknown}
Comestibles
 c - 2 bread rations
 j - a fruit
 k - 2 royal jellies


   Skills:
 - Level 2.4 Fighting
 + Level 4.5 Short Blades
 - Level 3.5 Dodging
 - Level 1.7 Invocations


You had 2 spell levels left.
You didn't know any spells.

Dungeon Overview and Level Annotations

Branches:
Dungeon (2/15)

Altars:


Innate Abilities, Weirdness & Mutations

You are very small and have problems with some larger weapons.
You are too small for most types of armour.
You have supernaturally acute eyesight. (SInv)
You are a herbivore.
You cover ground extremely quickly.
You need consume almost no food.


Message History

Found a dagger.
You see here an adder corpse.
A giant cockroach comes into view.
A giant cockroach is nearby!
A giant cockroach is nearby!
A giant cockroach is nearby!
You closely miss the giant cockroach.
The giant cockroach bites you but does no damage.
You hit the giant cockroach.
The giant cockroach is heavily wounded.
The giant cockroach misses you.
You hit the giant cockroach.
You kill the giant cockroach!
Lugonu accepts your kill.
No target in view!
No target in view!
You see here a giant cockroach corpse.
You butcher the giant cockroach corpse.
You see here a chunk of flesh.
Are you sure you want to abandon this character and quit the game? (Confirm with "yes".)

. #. ######.....###...#
...#.####..........>......
#......#†.#####......#..##
###........######....#.
#...........#........#.
#.##.............(.)... ..
#.................## ...
#.................# ..
#..@........##....## .
.........).....###......
...##...................
.# #..........###>#.#..
#.........# b....#<#
#................#.#
#...................
#..........#......#.
#......#. #


There were no monsters in sight!

Vanquished Creatures
  Jessica (D:2)
  An adder (D:2)
  A dart slug (D:1)
  2 giant cockroaches
  A hobgoblin (D:1)
  3 kobolds (D:1)
  2 bats (D:1)
  A frilled lizard (D:2)
  5 goblins
  3 rats (D:1)
20 creatures vanquished.

Vanquished Creatures (others)
  2 starspawn tentacles (Abyss:1)
2 creatures vanquished.

Grand Total: 22 creatures vanquished

Notes
Turn   | Place    | Note
-------+----------+-------------------------------------------
     0 | Abyss:1  | wazuzu the Spriggan Abyssal Knight began the quest for the Orb.
     0 | Abyss:1  | Reached XP level 1. HP: 11/11 MP: 3/3
    81 | Abyss:1  | Noticed a tentacled starspawn
    97 | Abyss:1  | Noticed a neqoxec
   106 | Abyss:1  | Noticed an iron imp
   117 | Abyss:1  | Noticed an Executioner
   120 | D:1      | Escaped the Abyss
   306 | D:1      | Reached * piety under Lugonu
   310 | D:1      | Reached skill level 3 in Short Blades
   310 | D:1      | Reached XP level 2. HP: 16/16 MP: 4/4
   553 | D:2      | Noticed Jessica
   562 | D:2      | Killed Jessica
   562 | D:2      | Reached skill level 4 in Short Blades
   562 | D:2      | Reached XP level 3. HP: 19/19 MP: 5/5
   634 | D:2      | Quit the game

Vault maps used:
D:1:      matt_arrival_refuge
D:2:      ashenzari_altar_1, uniq_jessica

Skill      XL: |  1  2 |
---------------+-------+-----
Short Blades   | 3 4 |  4.5
Fighting       | |  2.4
Dodging        | |  3.5
Invocations    | |  1.7

Action                   || total
-------------------------++-------
Melee: Short sword       ||    70
Invok: Depart the Abyss  ||     1
  Use: Scroll            ||     6
       Potion            ||     1
 Stab: Sleeping          ||     2
Armor: Robe              ||     5
Dodge: Dodged            ||    61
